 Dungeon Crawl Stone Soup version 0.22.1-6-g1668fe2c40 (webtiles) character file.

123 LifeCrow the Skirmisher (level 5, -3/34 HPs)
             Began as a Kobold Fighter on Jan 13, 2019.
             Slain by an orc
             ... wielding a +0 hand axe
              (4 damage)
             ... on level 3 of the Dungeon on Jan 26, 2019.
             The game lasted 00:18:54 (2474 turns).

LifeCrow the Skirmisher (Kobold Fighter)            Turns: 2474, Time: 00:18:54

Health: -3/34      AC:  7    Str: 11    XL:     5   Next: 29%
Magic:  5/5        EV:  8    Int: 10    God:
Gold:   132        SH:  8    Dex: 14    Spells: 4/4 levels left

rFire    . . .     SeeInvis .   q - -3 short sword (curse)
rCold    . . .     Gourm    .   c - +0 shield
rNeg     . . .     Faith    .   b - +0 scale mail
rPois    .         Spirit   .   (no helmet)
rElec    .         Reflect  .   (no cloak)
rCorr    .         Harm     .   x - +0 pair of gloves
MR       .....                  (no boots)
Stlth    ..........             (no amulet)
HPRegen  0.11/turn              t - +3 ring of slaying
MPRegen  0.09/turn              u - -3 ring of strength (curse)

@: no status effects
A: small, carnivore
a: no special abilities


You were on level 3 of the Dungeon.
You were completely stuffed.

You visited 1 branch of the dungeon, and saw 3 of its levels.

You collected 132 gold pieces.

Inventory:

Hand Weapons
 a - a +0 rapier
 p - a +1 vampiric dagger
 q - a cursed -3 short sword (weapon)
Missiles
 e - 59 arrows
Armour
 b - a +0 scale mail (worn)
 c - a +0 shield (worn)
 g - a +0 scale mail
 x - a +0 pair of gloves (worn)
Jewellery
 t - a +3 ring of slaying (left hand)
 u - a cursed -3 ring of strength (right hand)
Scrolls
 h - a scroll of identify
 j - a scroll of random uselessness
 l - 3 scrolls of amnesia
 m - a scroll of fear
 n - 3 scrolls of magic mapping
 o - a scroll of enchant armour {unknown}
 v - 2 scrolls of remove curse {unknown}
 w - a scroll of fog
Potions
 d - 2 potions of might
 i - 4 potions of curing {unknown}
 k - 2 potions of mutation {unknown}
 r - a potion of lignification {unknown}
 s - a potion of brilliance {unknown}
 z - a potion of heal wounds {unknown}
Comestibles
 f - 7 rations


   Skills:
 * Level 4.9 Fighting
 - Level 3.2 Short Blades
 + Level 3.1 Armour
 - Level 2.8 Shields


You had 4 spell levels left.
You didn't know any spells.
Your spell library was empty.

Dungeon Overview and Level Annotations

Branches:
Dungeon (3/15)

Altars:


Innate Abilities, Weirdness & Mutations

You are small and have problems with some larger weapons.
You are carnivorous and can eat meat at any time.


Message History

You hit the orc wizard.
You kill the orc wizard!
You have reached level 5!
You feel clever.
You see here a tomahawk.
You hit the orc but do no damage. The orc barely misses you.
You barely miss the orc. You block the orc's attack.
You hit the orc.
The orc is lightly wounded.
You block the orc's attack. The orc barely misses you.
You hit the orc but do no damage.
The orc is lightly wounded.
You block the orc's attack. The orc hits you.
* * * LOW HITPOINT WARNING * * *
The orc hits you but does no damage.
You hit the orc.
The orc is moderately wounded.
The orc hits you but does no damage. The orc completely misses you.
The orc hits you with a hand axe.
You die...

*,,....[.* *,.......* ****
*,.......* ,,,* *,..(....## *##
,,,* *,,.......# *#.. ,,,*
*,,,,.....# ##... ,,,******
******#.#.#### #.... ,,,,,,..*
######...)oo## #..o. ,,,***#.*
#..@.###.##..###..o. ..,* *.##
#.ooo# #..##..##..o. ..,* *..#
#....# ##(###..%.#,, #.** *#.#
#(...# ##o###....#** #.## #.#
#....###o........... *..#
#.#####....#.....##.##.#..
##.#####.........................
##.##...........#..####...###...$
...................#* #..##*..###


You could see 3 orcs.

Vanquished Creatures
  An orc wizard (D:3)
  An adder (D:2)
  2 gnolls (D:1)
  An ooze (D:3)
  A leopard gecko (D:1)
  2 orcs (D:3)
  2 ball pythons
  4 bats
  8 hobgoblins
  7 jackals (D:2)
  A quokka (D:2)
  2 frilled lizards
  9 goblins
  5 kobolds
  9 rats
55 creatures vanquished.

Notes
Turn   | Place    | Note
-------+----------+-------------------------------------------
     0 | D:1      | LifeCrow the Kobold Fighter began the quest for the Orb.
     0 | D:1      | Reached XP level 1. HP: 14/14 MP: 1/1
    10 | D:1      | Upgraded the game from 0.22.1-5-g62c59d919a to
                  | 0.22.1-6-g1668fe2c40
   196 | D:1      | Reached XP level 2. HP: 19/19 MP: 2/2
   435 | D:1      | Reached XP level 3. HP: 16/24 MP: 3/3
  1146 | D:2      | Reached XP level 4. HP: 27/29 MP: 4/4
  1164 | D:2      | Reached skill level 4 in Fighting
  2455 | D:3      | Reached XP level 5. HP: 2/34 MP: 5/5
  2473 | D:3      | HP: 1/34 [orc (4)]
  2474 | D:3      | Slain by an orc

Skill      XL: |  1  2  3  4 |
---------------+-------------+-----
Short Blades   | 3 |  3.2
Fighting       | 4 |  4.9
Armour         | 3 |  3.1
Shields        | |  2.8

Action                   |  1- 3 |  4- 6 || total
-------------------------+-------+-------++-------
Melee: Rapier            |   109 |    45 ||   154
       Short sword       |       |   146 ||   146
  Use: Scroll            |       |     5 ||     5
  Eat: Chunk             |     9 |     5 ||    14
Armor: Scale mail        |    26 |    74 ||   100
Dodge: Dodged            |    37 |    69 ||   106
Block: Shield            |    51 |    88 ||   139
